 Dungeon Crawl Stone Soup version 0.29.0-11-gd7f09526c8 (console) character file.

Game seed: 14801965576859969167

6443 erker the Cleaver (level 10, -5/88 HPs)
             Began as a Minotaur Fighter on Sept 4, 2022.
             Was a Priest of Okawaru.
             Hit by a boomerang thrown by an orc warrior (14 damage)
             ... led by an orc knight
             ... on level 2 of the Orcish Mines.
             The game lasted 00:28:02 (9882 turns).

erker the Cleaver (Minotaur Fighter)                Turns: 9882, Time: 00:28:02

Health: -5/88      AC:  5    Str: 25    XL:     10   Next: 67%
Magic:  11/11      EV: 14    Int:  5    God:    Okawaru [***...]
Gold:   464        SH:  6    Dex: 16    Spells: 9/9 levels left

rFire   . . .      SeeInvis .   a - +0 war axe
rCold   . . .      Faith    .   c - +0 buckler
rNeg    . . .      Spirit   .   p - +0 troll leather armour
rPois   .          Reflect  .   (helmet restricted)
rElec   .          Harm     .   (no cloak)
rCorr   +          Rampage  .   (no gloves)
Will    .....                   (no boots)
Stlth   +.........              (no amulet)
HPRegen 1.04/turn               j - +6 ring of dexterity
MPRegen 0.12/turn               x - ring of resist corrosion

@: about to teleport
A: horns 2, retaliatory headbutt
a: Renounce Religion, Heroism


You were on level 2 of the Orcish Mines.
You worshipped Okawaru.
Okawaru was most pleased with you.
You visited 3 branches of the dungeon, and saw 12 of its levels.

You collected 738 gold pieces.
You spent 274 gold pieces at shops.

Inventory:

Hand Weapons
 a - a +0 war axe (weapon)
 e - a +0 antimagic demon trident
 v - a +2 long sword of flaming
Missiles
 r - a throwing net
 A - 10 poisoned darts (quivered)
Armour
 b - a +0 scale mail
 c - a +0 buckler (worn)
 p - a +0 troll leather armour (worn)
Jewellery
 j - a +6 ring of dexterity (left hand)
 x - a ring of resist corrosion (right hand)
 C - a ring of fire
 I - a ring of ice
 J - a +6 ring of intelligence
Wands
 t - a wand of polymorph (2)
 w - a wand of iceblast (6)
Scrolls
 f - 3 scrolls of teleportation
 h - 3 scrolls of enchant weapon
 l - 2 scrolls of magic mapping {unknown}
 n - 2 scrolls of butterflies {unknown}
 o - a scroll of blinking
 q - 2 scrolls of amnesia {unknown}
 u - a scroll of noise {unknown}
 y - 2 scrolls of fear {unknown}
 B - 4 scrolls of poison {unknown}
 D - a scroll of torment {unknown}
 G - a scroll of vulnerability {unknown}
 H - a scroll of silence {unknown}
Potions
 d - a potion of might
 g - 3 potions of curing
 i - 3 potions of magic
 k - 4 potions of mutation
 m - a potion of resistance
 s - 2 potions of flight
 z - 4 potions of attraction
 E - 2 potions of haste
 F - 4 potions of lignification


   Skills:
 + Level 8.1 Fighting
 + Level 9.5 Axes
 - Level 5.0 Throwing
 + Level 8.3 Armour
 - Level 5.0 Dodging
 + Level 8.2 Shields
 + Level 3.3 Invocations
 + Level 5.0 Evocations


You had 9 spell levels left.
You didn't know any spells.
Your spell library contained the following spells:

 Spells                   Type           Power      Damage    Failure   Level
 Beastly Appendage        Tmut           0%         N/A       58%         1
 Ensorcelled Hibernation  Hex/Ice        0%         N/A       73%         2
 Static Discharge         Conj/Air       0%         3-3/arc   73%         2
 Sublimation of Blood     Necr           0%         N/A       73%         2
 Wereblood                Tmut           0%         N/A       73%         2
 Spider Form              Tmut/Pois      0%         N/A       91%         3
 Anguish                  Hex/Necr       0%         N/A       100%        4
 Dispel Undead            Necr           0%         3d6       100%        4
 Sticky Flame             Conj/Fire      0%         2d3       100%        4
 Summon Hydra             Summ           Unusable   N/A       N/A         7

Dungeon Overview and Level Annotations

Branches:
Dungeon (9/15)             Temple (1/1) D:7            Lair (0/5) D:9
    Orc (2/2) D:9
    Elf: Orc:2

Altars:
Ashenzari
Cheibriados
Elyvilon
Fedhas
Gozag
Hepliaklqana
Kikubaaqudgha
Makhleb
Nemelex Xobeh
Okawaru
Qazlal
Ru
Sif Muna
Trog
Uskayaw
Vehumet
Wu Jian
Xom
Yredelemnul
Zin
The Shining One

Shops:
D:5 =:!   D:9 :   Orc:1 *!

Annotations:
D:9 Erolcha


Innate Abilities, Weirdness & Mutations

You have a pair of horns on your head.
You reflexively headbutt those who attack you in melee.


Message History

* * * LOW HITPOINT WARNING * * *
You block the troll's attack. You block the orc warrior's attack.
The orc warrior hits you with a +0 dire flail.
* * * LOW HITPOINT WARNING * * *
You are too injured to fight recklessly!
You are too injured to fight recklessly!
Blink to where?
Press: ? - help, Dir - move target
As you read the scroll of blinking, it crumbles to dust.
The orc warrior throws a boomerang.
You block the boomerang.
Press: ? - help, v - describe, . - travel A stone staircase leading down.
Unknown command.
Unknown command.
Unknown command.
Unknown command.
You climb downwards.
Reactivating autopickup.
The orc knight shouts!
The orc warrior shouts!
The orc shouts! x3
You hear a shout!
Found 22 gold pieces.
There is a stone staircase leading up here.
Okay, then.
Unknown command.
Unknown command.
As you read the scroll of teleportation, it crumbles to dust.
You feel strangely unstable.
You hear a shout!
The orc hits you with a +0 club.
* * * LOW HITPOINT WARNING * * *
The orc barely misses you. The orc attacks as you move away!
The orc hits you but does no damage.
An orc, an orc warrior and an orc sorcerer come into view.
The orc warrior shouts!
The orc sorcerer shouts!
The orc closely misses you.
The orc warrior throws a boomerang.
You block the boomerang.
The orc moves out of view.
An orc warrior comes into view. It is wielding a +0 halberd.
The orc attacks as you move away! The orc closely misses you.
The orc warrior throws a boomerang.
The boomerang hits you!
You die...

... ...o ##
#..##.###
..oo^o.## .o.
... #.##o##
##.#o.##
#..oo..#
#.@#.......
#...#.......$
##.#.........
## #.#......
##.......
#...... .....
#.


You could see 2 orc warriors and 4 orcs.

Vanquished Creatures
  Psyche (D:8)
  2 trolls
  A fire bat (D:9)
  6 yaks (D:9)
  Eustachio (D:6)
  2 steam dragons
  3 wargs
  A water moccasin (D:5)
  2 sky beasts
  6 orc warriors
  9 ogres
  2 centaurs
  3 phantoms
  5 scorpions
  2 bullfrogs
  A necrophage (D:5)
  2 killer bees (D:8)
  6 howler monkeys
  A quasit (D:8)
  A gnoll bouda (D:3)
  10 orc priests
  2 jellies
  2 iguanas (D:4)
  18 orc wizards
  14 gnolls
  7 adders
  2 shadow imps (D:8)
  4 white imps
  3 ufetubi
  2 worms (D:3)
  A dart slug (D:3)
  42 orcs
  4 bats
  6 endoplasms
  6 giant cockroaches
  11 goblins
  8 hobgoblins
  4 jackals
  2 quokkas
  10 ball pythons
  2 frilled lizards (D:2)
  6 kobolds
  5 rats
228 creatures vanquished.

Vanquished Creatures (others)
  2 killer bees (D:8)
  A gnoll (D:7)
  A plant (D:9)
4 creatures vanquished.

Grand Total: 232 creatures vanquished

Notes
Turn   | Place    | Note
-------+----------+-------------------------------------------
     0 | D:1      | erker the Minotaur Fighter began the quest for the Orb.
     0 | D:1      | Reached XP level 1. HP: 19/19 MP: 0/0
   163 | D:1      | Reached XP level 2. HP: 27/27 MP: 1/1
   353 | D:1      | Reached skill level 3 in Axes
   794 | D:2      | Reached skill level 1 in Dodging
   848 | D:2      | Reached XP level 3. HP: 32/33 MP: 2/2
   870 | D:2      | Identified the +0 robe of Qazlal's Approval {-Tele rPois
                  | rF+ SInv}
   942 | D:2      | Reached XP level 4. HP: 38/40 MP: 3/3
  1427 | D:3      | Found a faded altar of an unknown god.
  1444 | D:3      | Reached skill level 4 in Axes
  1499 | D:3      | Noticed a phantom
  1506 | D:3      | Killed a phantom
  1507 | D:3      | Reached XP level 5. HP: 47/47 MP: 4/4
  2111 | D:4      | Found a radiant altar of Vehumet.
  2206 | D:4      | Found a glowing golden altar of the Shining One.
  2206 | D:4      | Found a snail-covered altar of Cheibriados.
  2248 | D:4      | Reached XP level 6. HP: 48/53 MP: 5/5
  2607 | D:4      | Reached skill level 5 in Axes
  2608 | D:4      | Reached skill level 1 in Throwing
  2824 | D:4      | Noticed an acid dragon
  2824 | D:4      | an ogre changed into an acid dragon
  2888 | D:4      | Reached skill level 5 in Shields
  2888 | D:4      | Reached skill level 1 in Evocations
  2908 | D:4      | Noticed a sky beast
  2908 | D:4      | an acid dragon changed into a sky beast
  2921 | D:4      | Killed a sky beast
  2922 | D:4      | Reached XP level 7. HP: 58/60 MP: 6/6
  3206 | D:4      | Reached skill level 5 in Armour
  3314 | D:4      | Reached skill level 5 in Fighting
  3749 | D:5      | Entered Level 5 of the Dungeon
  3763 | D:5      | Reached skill level 6 in Axes
  4591 | D:5      | Found Tureuffu's Book Shop.
  4593 | D:5      | Found Cack's Jewellery Shoppe.
  4595 | D:5      | Found Liyg Rur's Distillery.
  4607 | D:5      | Bought a potion of flight for 33 gold pieces
  4607 | D:5      | Bought a potion of curing for 33 gold pieces
  4607 | D:5      | Bought a potion of degeneration for 11 gold pieces
  4607 | D:5      | Bought a potion of attraction for 33 gold pieces
  4607 | D:5      | Bought a potion of lignification for 33 gold pieces
  4607 | D:5      | Bought a potion of mutation for 88 gold pieces
  4640 | D:5      | Reached XP level 8. HP: 69/69 MP: 7/7
  5242 | D:6      | Found a basalt altar of Yredelemnul.
  5242 | D:6      | Found a shimmering altar of Xom.
  5402 | D:6      | Noticed Eustachio
  5422 | D:6      | Killed Eustachio
  5423 | D:6      | Reached skill level 7 in Axes
  5845 | D:6      | Found a sparkling altar of Nemelex Xobeh.
  6443 | D:7      | Reached XP level 9. HP: 45/75 MP: 8/8
  6692 | D:7      | Found a staircase to the Ecumenical Temple.
  6699 | Temple   | Entered the Ecumenical Temple
  7027 | Temple   | Became a worshipper of Warmaster Okawaru
  7304 | D:7      | Reached skill level 8 in Axes
  7311 | D:7      | Noticed a two-headed ogre
  7594 | D:8      | Noticed Psyche
  7622 | D:8      | Killed Psyche
  7623 | D:8      | Reached skill level 5 in Dodging
  7869 | D:8      | Reached * piety under Okawaru
  8753 | D:9      | Found a staircase to the Orcish Mines.
  8753 | D:9      | Noticed Erolcha
  8798 | D:9      | Noticed a troll
  8806 | D:9      | Reached skill level 1 in Invocations
  8816 | D:9      | Killed a troll
  8822 | D:9      | Reached ** piety under Okawaru
  8823 | D:9      | Reached XP level 10. HP: 17/86 MP: 8/10
  9127 | D:9      | Found Giar's Book Boutique.
  9223 | D:9      | Reached skill level 9 in Axes
  9240 | D:9      | Found a staircase to the Lair.
  9340 | D:9      | Reached *** piety under Okawaru
  9497 | D:9      | Reached skill level 5 in Throwing
  9522 | Orc:1    | Entered Level 1 of the Orcish Mines
  9698 | Orc:1    | Reached skill level 5 in Evocations
  9759 | Orc:1    | Found Ricehah's CLEARANCE SALE!.
  9768 | Orc:1    | Bought a wand of iceblast (6) for 43 gold pieces
  9867 | Orc:1    | Found Didos's Distillery.
  9871 | Orc:1    | Noticed an orc high priest
  9879 | Orc:2    | Entered Level 2 of the Orcish Mines
  9879 | Orc:2    | Noticed an orc knight
  9881 | Orc:2    | Noticed an orc sorcerer
  9882 | Orc:2    | Hit by a boomerang thrown by an orc warrior

Illustrated notes

Levels and vault maps discovered:
D:1:      lightli_iron_boxes, layout_loops_ring, serial_glass, glass_columns_a,
          glass_columns_c, nicolae_figureground_pulse
D:2:      layout_rooms, wad_floor_pattern_2, minmay_misc_feat_ornament
D:3:      layout_loops_ring, ebering_ecumenical_altar_rust
D:4:      layout_basic, nicolae_overflow_two_pavilions,
          nicolae_vehumet_altar_sigil, minmay_box_of_dots
D:5:      layout_basic, amcnicky_mini_rare_corridor_liquid,
          nicolae_wooded_promenade, chequers_serial_rivers_marsh, minivault_25
D:6:      layout_basic, amethyst_overflow_temple_binary,
          nemelex_xobeh_ov_fountains_minmay, uniq_eustachio
D:7:      layout_loops_ring, minmay_temple_entry_slanted
D:8:      nicolae_cairo_tiling, layout_rooms, serial_demonic, serial_demonic_g,
          serial_demonic_g, serial_demonic_a, serial_demonic_g,
          serial_demonic_g, uniq_psyche
D:9:      layout_roguey, erik_lair_orcish_takeover,
          minmay_orc_entry_temple_small, serial_shops, nicolae_shop_stone,
          uniq_erolcha
Temple:   nicolae_temple_bog_church
Orc:1:    layout_caves, gammafunk_ghost_cemetery, serial_shops, shop,
          nicolae_shop_clearance
Orc:2:    st_orc_congregation, layout_caves, basic_altar, serial_shops,
          nicolae_shop_advertising_works [nicolae_subvault_shop_adworks],
          uniq_rupert

Skill      XL: |  1  2  3  4  5  6  7  8  9 10 |
---------------+-------------------------------+-----
Axes           | 3 4 5 6 7 8 9 |  9.5
Dodging        | 1 2 3 4 5 |  5.0
Shields        | 4 5 6 7 8 |  8.2
Fighting       | 4 5 6 7 8 |  8.1
Armour         | 4 5 6 7 8 |  8.3
Throwing       | 1 2 3 4 5 |  5.0
Evocations     | 1 2 3 4 5 |  5.0
Invocations    | 1 3 |  3.3

Action                   |  1- 3 |  4- 6 |  7- 9 | 10-12 || total
-------------------------+-------+-------+-------+-------++-------
Melee: War axe           |    57 |   109 |   288 |   116 ||   570
       Headbutt          |     9 |    15 |    45 |    31 ||   100
Throw: Dart              |       |     4 |     9 |       ||    13
Invok: Heroism           |       |       |     2 |     4 ||     6
Evoke: Wand              |       |     4 |     7 |     2 ||    13
  Use: Scroll            |       |       |     9 |     2 ||    11
       Potion            |       |       |     2 |       ||     2
 Stab: Invisible         |       |       |       |     1 ||     1
Armor: Scale mail        |    21 |    41 |    95 |     1 ||   158
       Skin              |       |       |     8 |       ||     8
       Troll leather arm |       |       |       |    19 ||    19
Dodge: Dodged            |    25 |    57 |   150 |    66 ||   298
Block: Buckler           |    12 |    30 |    76 |    50 ||   168
